 Dungeon Sprint DCSS version 0.29.1-15-g9cfb28693d (webtiles) character file.

Game seed: 11902076544751498952

10633 Groucho the Unseen (level 11, -10/90 HPs)
             Began as a Spriggan Enchanter on Feb 25, 2023.
             Was the Champion of Dithmenos.
             Mangled by a nagaraja
             ... wielding a +0 whip of flaming
              (21 damage)
             ... in the Dungeon (Sprint VII: "The Pits").
             The game lasted 00:13:28 (3798 turns).

Groucho the Unseen (Spriggan Enchanter)             Turns: 3798, Time: 00:13:29

Health: -10/90     AC: 10    Str:  8    XL:     11   Next: 38%
Magic:  22/28      EV: 22    Int: 21    God:    Dithmenos [******]
Gold:   0          SH:  0    Dex: 15    Spells: 26/34 levels left

rFire   . . .      SeeInvis +   q - +2 rapier (venom)
rCold   . . .      Faith    .   (no shield)
rNeg    . . .      Spirit   .   r - +0 steam dragon scales
rPois   .          Reflect  .   (helmet restricted)
rElec   .          Harm     .   p - +0 cloak
rCorr   .          Rampage  .   (gloves unavailable)
Will    +....      NoTele   +   (boots unavailable)
Stlth   ..........              (no amulet)
HPRegen 0.25/turn               i - +3 ring of protection
MPRegen 0.21/turn               n - +3 ring of intelligence

@: berserking, lethally poisoned (-10 -> -32), confusing by touch, wreathed by
umbra, constricted, invisible, very quick
A: very small, no large weapons, unfitting armour, see invisible, speed 3
a: Renounce Religion, Shadow Step, Shadow Form


You were in the Dungeon.
You worshipped Dithmenos.
Dithmenos was exalted by your worship.
You visited 1 branch

Inventory:

Hand Weapons
 a - a +2 dagger
 m - a +1 dagger of electrocution
 q - a +2 rapier of venom (weapon)
Missiles
 l - 4 stones (quivered)
Armour
 b - a +0 robe
 p - a +0 cloak (worn)
 r - +0 steam dragon scales (worn)
Jewellery
 i - a +3 ring of protection (left hand)
 n - a +3 ring of intelligence (right hand)
Scrolls
 j - 5 scrolls of amnesia
 k - a scroll of summoning
Potions
 c - 3 potions of invisibility
 d - 5 potions of curing
 f - a potion of haste
 g - 3 potions of magic
 h - 3 potions of berserk rage
 o - 4 potions of brilliance


   Skills:
 + Level 7.8 Fighting
 + Level 10.4 Short Blades
 * Level 6.2 Armour
 * Level 13.3 Dodging
 - Level 15.0 Stealth
 + Level 12.0 Spellcasting
 - Level 14.0 Hexes
 * Level 13.5 Invocations


You had 26 spell levels left.
You knew the following spells:

 Your Spells              Type           Power      Damage    Failure   Level
a - Ensorcelled Hibernat  Hex/Ice        84%        N/A       1%          2
b - Confusing Touch       Hex            64%        N/A       1%          3
c - Dazzling Flash        Conj/Hex       84%        N/A       1%          3

Your spell library contained the following spells:

 Spells                   Type           Power      Damage    Failure   Level
 Tukima's Dance           Hex            64%        N/A       1%          3


Dungeon Overview and Level Annotations

Branches:
Dungeon (1/1)

Altars:
Ashenzari
Cheibriados
Dithmenos
Elyvilon
Fedhas
Gozag
Hepliaklqana
Kikubaaqudgha
Makhleb
Nemelex Xobeh
Okawaru
Qazlal
Ru
Sif Muna
Trog
Uskayaw
Vehumet
Wu Jian
Xom
Yredelemnul
Zin
The Shining One
Jiyva
Lugonu


Innate Abilities, Weirdness & Mutations

You are very small and have problems with some larger weapons.
You are too small for most types of armour.
You have supernaturally acute eyesight. (SInv)
You cover ground extremely quickly. (Speed+++)


Message History

The nagaraja hits you with a +0 whip of flaming.
The nagaraja burns you. The nagaraja constricts you.
You feel much better.
You feel sick.
The nagaraja hits you with a +0 whip of flaming!!
The nagaraja burns you. The nagaraja constricts you.
Okay, then.
You hit the nagaraja but do no damage.
The nagaraja is lightly wounded.
Your shadow hits the nagaraja but does no damage.
You feel sick.
Unknown command.
Unknown command.
You feel better. The nagaraja completely misses you.
The nagaraja constricts you.
You fade into invisibility!
The nagaraja hits you with a +0 whip of flaming!
The nagaraja burns you.
* * * LOW HITPOINT WARNING * * *
The nagaraja constricts you.
* * * LOW HITPOINT WARNING * * *
Unknown command.
Unknown command.
You feel much better.
The nagaraja hits you but does no damage.
The nagaraja constricts you!
A red film seems to cover your vision as you go berserk!
You feel yourself moving faster!
You feel mighty! The nagaraja casts a spell at you. The poison arrow hits you!!
You are poisoned.
* * * LOW HITPOINT WARNING * * *
The nagaraja constricts you.
* * * LOW HITPOINT WARNING * * *
Unknown command.
Unknown command.
You hit the nagaraja but do no damage.
* * * LOW HITPOINT WARNING * * *
You feel very sick.
The nagaraja hits you with a +0 whip of flaming!!
You die...

###### # ######## ##### #
##......###...## .
###..#'#.........## ..
##).##.##.....#o..# N..
##†##...##...###..# ....
####.....##.##.##.## ....o
.##......#.).#.#...#......
.[').....'...[.)@N.'......
.##......#...#.#...#......
####.....##.##.##.## .....
##)##...##...###..# .w..
##..##.##.....#...# ...
###..#'#.........## .. #
##......###...## i #
######## #####


You could see a nagaraja.

Vanquished Creatures
  A death cob (D)
  An emperor scorpion (D)
  A death yak (D)
  Urug (D)
  A spriggan (D)
  A flayed ghost (D)
  A bog body (D)
  A deep elf pyromancer (D)
  2 manticores (D)
  A black mamba (D)
  A gargoyle (D)
  A molten gargoyle (D)
  An orange demon (D)
  An efreet (D)
  A hellwing (D)
  2 trolls (D)
  A tarantella (D)
  A hornet (D)
  4 blink frogs (D)
  A wyvern (D)
  2 steam dragons (D)
  A basilisk (D)
  3 redbacks (D)
  A warg (D)
  An orc warrior (D)
  An ogre (D)
  A wolf (D)
  2 bullfrogs (D)
  2 necrophages (D)
  An orc priest (D)
  A hound (D)
  An orc wizard (D)
  Ijyb (D)
  A mummy (D)
  2 adders (D)
  2 river rats (D)
  4 orcs (D)
  A ball python (D)
  An endoplasm (D)
  A giant cockroach (D)
  3 goblins (D)
  A hobgoblin (D)
  2 jackals (D)
  A kobold (D)
  A quokka (D)
  A bat (D)
  A rat (D)
65 creatures vanquished.

Vanquished Creatures (others)
  A kobold demonologist (D)
1 creature vanquished.

Grand Total: 66 creatures vanquished

Notes
Turn   | Place    | Note
-------+----------+-------------------------------------------
     0 | D        | Groucho the Spriggan Enchanter began the quest for the Orb.
     0 | D        | Reached XP level 1. HP: 9/9 MP: 5/5
    13 | D        | Reached skill level 5 in Stealth
    38 | D        | Found a glowing golden altar of the Shining One.
    38 | D        | Found a glowing silver altar of Zin.
    38 | D        | Found a basalt altar of Yredelemnul.
    38 | D        | Found a shimmering altar of Xom.
    38 | D        | Found an ornate altar of the Wu Jian Council.
    38 | D        | Found a bloodstained altar of Trog.
    38 | D        | Found a shimmering blue altar of Sif Muna.
    38 | D        | Found a sacrificial altar of Ru.
    38 | D        | Found a stormy altar of Qazlal.
    38 | D        | Found an iron altar of Okawaru.
    38 | D        | Found a sparkling altar of Nemelex Xobeh.
    38 | D        | Found a burning altar of Makhleb.
    38 | D        | Found a viscous altar of Jiyva.
    38 | D        | Found a hazy altar of Hepliaklqana.
    38 | D        | Found an opulent altar of Gozag.
    38 | D        | Found a blossoming altar of Fedhas.
    38 | D        | Found a white marble altar of Elyvilon.
    38 | D        | Found a shadowy altar of Dithmenos.
    38 | D        | Found a snail-covered altar of Cheibriados.
    39 | D        | Found a radiant altar of Vehumet.
    39 | D        | Found a corrupted altar of Lugonu.
    40 | D        | Found a hide-covered altar of Uskayaw.
    40 | D        | Found an ancient bone altar of Kikubaaqudgha.
    40 | D        | Found a broken altar of Ashenzari.
    46 | D        | Became a worshipper of Dithmenos the Shadowed
    62 | D        | Reached skill level 6 in Stealth
    62 | D        | Reached skill level 1 in Invocations
    62 | D        | Reached XP level 2. HP: 13/13 MP: 7/7
   302 | D        | Learned a level 2 spell: Ensorcelled Hibernation
   312 | D        | Reached * piety under Dithmenos
   482 | D        | Noticed Ijyb
   495 | D        | Reached ** piety under Dithmenos
   664 | D        | Killed Ijyb
   665 | D        | Reached skill level 1 in Fighting
   665 | D        | Reached skill level 7 in Stealth
   665 | D        | Reached skill level 5 in Hexes
   665 | D        | Reached XP level 3. HP: 18/18 MP: 9/9
   710 | D        | Noticed a wolf
   713 | D        | Noticed a necrophage
   714 | D        | Killed a wolf
   715 | D        | Reached skill level 8 in Stealth
   715 | D        | Reached XP level 4. HP: 22/23 MP: 5/11
   715 | D        | Reached *** piety under Dithmenos
   718 | D        | Killed a necrophage
   719 | D        | Reached skill level 5 in Dodging
   719 | D        | Reached skill level 9 in Stealth
   719 | D        | Reached skill level 5 in Spellcasting
   719 | D        | Reached XP level 5. HP: 26/27 MP: 5/13
   724 | D        | Reached skill level 5 in Invocations
  1088 | D        | Learned a level 3 spell: Confusing Touch
  1092 | D        | Learned a level 3 spell: Dazzling Flash
  1110 | D        | Noticed a warg
  1112 | D        | Killed a warg
  1112 | D        | Reached **** piety under Dithmenos
  1113 | D        | Reached skill level 10 in Stealth
  1113 | D        | Reached XP level 6. HP: 32/32 MP: 11/15
  1352 | D        | Reached ***** piety under Dithmenos
  1357 | D        | Reached skill level 11 in Stealth
  1393 | D        | Noticed an orc warrior
  1393 | D        | Noticed Urug
  1394 | D        | Noticed a manticore
  1684 | D        | Killed Urug
  1685 | D        | Reached skill level 5 in Short Blades
  1685 | D        | Reached skill level 13 in Stealth
  1685 | D        | Reached skill level 10 in Hexes
  1685 | D        | Reached XP level 7. HP: 34/37 MP: 12/18
  1771 | D        | Killed a manticore
  1772 | D        | Reached XP level 8. HP: 40/42 MP: 10/20
  1887 | D        | Reached skill level 14 in Stealth
  2024 | D        | Noticed a flayed ghost
  2051 | D        | Killed a flayed ghost
  2052 | D        | Reached skill level 5 in Fighting
  2052 | D        | Reached XP level 9. HP: 47/47 MP: 19/22
  2369 | D        | Noticed a molten gargoyle
  2372 | D        | Killed a molten gargoyle
  2373 | D        | Reached skill level 15 in Stealth
  2378 | D        | Noticed a kobold demonologist
  2391 | D        | Reached skill level 10 in Invocations
  2402 | D        | Killed a kobold demonologist
  2413 | D        | Reached ****** piety under Dithmenos
  2416 | D        | Reached skill level 10 in Dodging
  2928 | D        | Noticed a death yak
  2931 | D        | Noticed a gargoyle
  2935 | D        | Killed a death yak
  2936 | D        | Reached skill level 1 in Armour
  2936 | D        | Reached skill level 10 in Spellcasting
  2936 | D        | Reached XP level 10. HP: 50/53 MP: 16/25
  3082 | D        | Killed a gargoyle
  3086 | D        | Noticed an orange demon
  3087 | D        | Killed an orange demon
  3089 | D        | Noticed an emperor scorpion
  3089 | D        | Noticed a death cob
  3089 | D        | Noticed a deep elf pyromancer
  3090 | D        | Killed an emperor scorpion
  3103 | D        | Killed a death cob
  3408 | D        | Noticed a manticore
  3413 | D        | Killed a deep elf pyromancer
  3414 | D        | Reached skill level 5 in Armour
  3414 | D        | Reached XP level 11. HP: 58/58 MP: 24/27
  3422 | D        | Reached skill level 10 in Short Blades
  3458 | D        | Noticed a nagaraja
  3658 | D        | Noticed a bog body
  3669 | D        | Killed a bog body
  3722 | D        | Noticed a spriggan rider
  3724 | D        | Killed a spriggan rider
  3798 | D        | Mangled by a nagaraja

Illustrated notes

Levels and vault maps discovered:
D:        pitsprint [storerooms_1, entrance_room_1, metal_vault_3, armoury_2,
          mini_pit_1, grid_room_1, main_hall_1, silver_pit, the_coven_1,
          the_vestibule_1, steel_vault_5, golden_pit, hallway_of_sentries,
          crystal_vault_6, iron_vault_5, final_vault]

Skill      XL: |  1  2  3  4  5  6  7  8  9 10 11 |
---------------+----------------------------------+-----
Stealth        | 6 7 8 9 10 13 14 15 | 15.0
Spellcasting   | 3 4 5 7 8 10 11 12 | 12.0
Hexes          | 4 5 6 7 8 10 11 13 14 | 14.0
Invocations    | 1 2 4 6 7 8 9 11 12 13 | 13.5
Fighting       | 1 2 3 4 5 6 7 |  7.8
Dodging        | 3 4 5 7 8 10 12 13 | 13.3
Short Blades   | 3 4 5 6 8 9 10 | 10.4
Armour         | 1 5 6 |  6.2

Action                   |  1- 3 |  4- 6 |  7- 9 | 10-12 || total
-------------------------+-------+-------+-------+-------++-------
Melee: Dagger            |    17 |    21 |     4 |       ||    42
       Rapier            |       |       |    28 |    65 ||    93
       Punch             |       |       |       |     1 ||     1
Throw: Stone             |     1 |       |     2 |     3 ||     6
 Cast: Ensorcelled Hiber |     3 |     8 |    30 |    11 ||    52
       Confusing Touch   |       |     2 |     2 |     6 ||    10
       Dazzling Flash    |       |       |     2 |     1 ||     3
Invok: Shadow Step       |     1 |     1 |     2 |    10 ||    14
  Use: Potion            |     1 |     1 |     7 |     6 ||    15
       Scroll            |       |     1 |       |       ||     1
 Stab: Sleeping          |     8 |    10 |    16 |    17 ||    51
       Confused          |       |     2 |     1 |     8 ||    11
       Invisible         |       |       |     1 |     2 ||     3
Armor: Robe              |     1 |     2 |     6 |       ||     9
       Steam dragon scal |       |       |       |     2 ||     2
Dodge: Dodged            |     6 |    23 |    30 |    38 ||    97
